 Dungeon Crawl Stone Soup version 0.28-a0-850-g09de17f5b5 (webtiles) character file.

Game seed: 1191529052447077310

168 avis the Insei (level 5, -2/34 HPs)
             Began as an Octopode Transmuter on Nov 13, 2021.
             Killed from afar by Natasha (8 damage)
             ... with a magic dart
             ... on level 3 of the Dungeon.
             The game lasted 00:15:08 (3170 turns).

avis the Insei (Octopode Transmuter)                Turns: 3170, Time: 00:15:08

Health: -2/34      AC:  2    Str: 10    XL:     5   Next: 49%
Magic:  4/8        EV: 19    Int: 16    God:
Gold:   93         SH:  0    Dex: 17    Spells: 4/8 levels left

rFire   . . .      SeeInvis .     - Unarmed
rCold   . . .      Faith    .   (shield currently unavailable)
rNeg    . . .      Spirit   .   (helmet currently unavailable)
rPois   .          Reflect  .   (no amulet)
rElec   .          Harm     .   k - ring of poison resistance
rCorr   .          Rampage  .   (no ring)
Will    .....                   (no ring)
Stlth   ++........              (no ring)
HPRegen 0.11/turn               (no ring)
MPRegen 0.11/turn               (no ring)
                                (no ring)
                                (no ring)

@: spider-form (expiring)
A: venomous fangs, almost no armour, (amphibious), 8 rings, tiny, (camouflage
1), (gelatinous body 1), (nimble swimmer 1), (tentacles)
a: End Transformation


You were on level 3 of the Dungeon.
You were a venomous arachnid creature.
You visited 1 branch of the dungeon, and saw 3 of its levels.

You collected 93 gold pieces.

Inventory:

Missiles
 c - 153 stones
 d - 58 bolts
 f - 2 throwing nets
 g - 2 boomerangs
 m - 17 poisoned darts
 p - 21 arrows
Armour
 l - a +0 buckler
Jewellery
 k - a ring of poison resistance (left front leg)
Wands
 q - a wand of mindburst (6)
Scrolls
 a - 3 scrolls of teleportation {unknown}
 b - a scroll of enchant weapon {unknown}
 i - 2 scrolls of fear {unknown}
 o - a scroll of summoning {unknown}
Potions
 e - 2 potions of invisibility {unknown}
 h - a potion of might {unknown}
 j - a potion of degeneration {unknown}
 n - a potion of flight {unknown}
 r - a potion of heal wounds {unknown}


   Skills:
 * Level 2.2 Fighting
 - Level 2.0 Dodging
 - Level 2.0 Stealth
 - Level 5.0 Unarmed Combat
 - Level 2.0 Spellcasting
 - Level 2.0 Transmutations
 - Level 2.0 Poison Magic


You had 4 spell levels left.
You knew the following spells:

 Your Spells              Type           Power      Damage    Failure   Level
a - Beastly Appendage     Tmut           16%        N/A       22%         1
p - Spider Form           Tmut/Pois      8%         N/A       47%         3

Your spell library contained the following spells:

 Spells                   Type           Power      Damage    Failure   Level
 Wereblood                Tmut           8%         N/A       32%         2
 Ice Form                 Ice/Tmut       4%         N/A       92%         4


Dungeon Overview and Level Annotations

Branches:
Dungeon (3/15)

Altars:
Fedhas

Shops:
D:3 [

Annotations:
D:3 Grinder, Natasha


Innate Abilities, Weirdness & Mutations

You are a venomous arachnid creature.
You have poisonous fangs.
You are tiny and dextrous.
Your spellcasting is less reliable in this form.
Your armour is entirely melded.
You are incapable of wielding weapons or throwing items.
You cannot wear most types of armour.
((You are amphibious.))
You can wear up to eight rings at the same time.
((Your skin changes colour to match your surroundings (Stealth+).))
((Your rubbery body absorbs attacks. (AC +1, EV +1)))
((You are camouflaged near water. (Stealth+)))
((You have tentacles for arms and can constrict up to eight enemies at once.))


Message History

Grinder hits you but does no damage.
You hit Grinder.
Grinder is moderately wounded.
Grinder closely misses you.
You hit Grinder but do no damage.
Grinder is moderately wounded.
Your transformation has ended.
Natasha, Servant of Life and Death comes into view.
Grinder says, "I used to sell toenails on the black market."
Grinder hits you.
Casting: Spider Form (quite dangerous; 26% risk of failure)
Confirm with . or Enter, or press ? or * to list all spells.
The spell is quite dangerous to cast (26% risk of failure)!
Continue anyway?
You turn into a venomous arachnid creature.
Natasha stares at you and mumbles some strange words.
You resist with some effort. Grinder completely misses you.
You bite Grinder!
Grinder is heavily wounded.
Grinder gestures at you. Pain shoots through your body!
You hit Grinder.
Grinder is poisoned.
Grinder is heavily wounded.
Grinder hits you.
You writhe in agony.
Natasha casts a spell at you. The magic dart hits you.
You hit Grinder but do no damage.
Grinder is heavily wounded.
Grinder hits you but does no damage.
You hit Grinder.
Grinder looks as sick as possible!
Grinder is heavily wounded.
You hit Natasha but do no damage.
Natasha is poisoned.
Grinder completely misses you.
Natasha stares at you and mumbles some strange words.
The magic dart hits you!
* * * LOW HITPOINT WARNING * * *
Your transformation is almost over.
Grinder says, "Wait up."
Natasha stares at you and mumbles some strange words.
The magic dart hits you!
You die...

#.# #####.# # #.# #.....#
#### #<# #.###.# #..> #.#
#.# #.# #... ##.## #.#
#.##########... ##...###.#
#.............#
##.....##.###.##########..#
#.......5.....# #..#
#......##hs########### #..#
#.#..........<.......###..#
...########..####.###.......
.... #..# #.##....#... ##
#..# #.##...#.... .........#
#........#.. ######...#
#........##. #...#
##.......#.. #...#
###........


You could see Grinder (very poisoned) and Natasha (very poisoned).

Vanquished Creatures
  A hound (D:3)
  Natasha (D:3)
  6 adders
  2 worms (D:2)
  A dart slug (D:1)
  6 endoplasms
  6 giant cockroaches
  5 goblins
  6 hobgoblins
  A kobold (D:1)
  2 quokkas (D:1)
  4 ball pythons
  6 bats
  5 frilled lizards
  3 rats
55 creatures vanquished.

Notes
Turn   | Place    | Note
-------+----------+-------------------------------------------
     0 | D:1      | avis the Octopode Transmuter began the quest for the Orb.
     0 | D:1      | Reached XP level 1. HP: 13/13 MP: 3/3
   172 | D:1      | Reached XP level 2. HP: 12/18 MP: 3/5
   593 | D:1      | Reached skill level 4 in Unarmed Combat
   808 | D:1      | Reached XP level 3. HP: 18/23 MP: 6/6
   880 | D:1      | Learned a level 3 spell: Spider Form
  1725 | D:2      | Reached skill level 1 in Poison Magic
  1725 | D:2      | Reached skill level 1 in Stealth
  1732 | D:2      | Reached XP level 4. HP: 19/29 MP: 4/7
  2266 | D:2      | Found a faded altar of an unknown god.
  2510 | D:3      | Noticed Grinder
  2515 | D:3      | Paralysed by Grinder for 2 turns
  2531 | D:3      | Paralysed by Grinder for 5 turns
  2605 | D:3      | Found a blossoming altar of Fedhas.
  2888 | D:3      | Found Omataa Sahast's Armour Shop.
  2946 | D:3      | Reached XP level 5. HP: 19/34 MP: 5/8
  3111 | D:3      | Noticed Natasha
  3116 | D:3      | Killed Natasha
  3117 | D:3      | Reached skill level 5 in Unarmed Combat
  3150 | D:3      | Paralysed by Grinder for 3 turns
  3160 | D:3      | Noticed Natasha
  3170 | D:3      | Killed from afar by Natasha

Illustrated notes

Levels and vault maps discovered:
D:1:      dpeg_arrival_rhombus, layout_basic, minmay_vboxes
D:2:      layout_loops_corners, shapermc_ecumenical_altar_mp_vishouse,
          skrybe_limestone_x
D:3:      layout_loops_ring, grunt_temple_overflow_opulence, fedhas_altar_2,
          mainiacjoe_overflow_alcove_2, serial_shops, nicolae_shop_stone,
          nicolae_shop_crystal, nicolae_shop_crystal, uniq_grinder, uniq_natasha

Skill      XL: |  1  2  3  4  5 |
---------------+----------------+-----
Unarmed Combat | 4 5 |  5.0
Fighting       | 2 |  2.2
Poison Magic   | 1 2 |  2.0
Stealth        | 1 2 |  2.0
Dodging        | |  2.0
Spellcasting   | |  2.0
Transmutations | |  2.0

Action                   |  1- 3 |  4- 6 || total
-------------------------+-------+-------++-------
Melee: Unarmed           |    66 |    59 ||   125
       Constrict         |    14 |     2 ||    16
       Kick              |     9 |     2 ||    11
       Tentacles         |     6 |       ||     6
       Punch             |     1 |     1 ||     2
 Cast: Beastly Appendage |    26 |     7 ||    33
       Spider Form       |     1 |    10 ||    11
 Stab: Sleeping          |     4 |     7 ||    11
       Confused          |       |     1 ||     1
Armor: Skin              |     3 |     8 ||    11
Dodge: Dodged            |    22 |    30 ||    52

Table legend: (Time is in decaauts)
 A = Elapsed time spent in this place.
 B = Non-inter-level travel time spent in this place.
 C = Inter-level travel time spent in this place.
 D = Time resting spent in this place.
 E = Time spent auto-exploring this place.
 F = Levels seen in this place.
 G = Mean time per level.
                   A        B        C        D        E       F      G
               +--------+--------+--------+--------+--------+-----+--------+
         Total |   3167 |   2825 |    342 |   1063 |   1108 |   3 | 1055.7 |
       Dungeon |   3167 |   2825 |    342 |   1063 |   1108 |   3 | 1055.7 |
               +--------+--------+--------+--------+--------+-----+--------+

Top non-repeatable levels by time:
     D:2: 1470 daAuts
     D:1: 1291 daAuts
     D:3: 405 daAuts
